 Dungeon Crawl Stone Soup version 0.26-a0-1132-ge9770dfcb6 (webtiles) character file.

Game seed: 17847932277809780118

91 ANON1729 the Insei (level 4, -9/32 HPs)
             Began as a Merfolk Transmuter on Dec 20, 2020.
             Mangled by an iguana (13 damage)
             ... on level 4 of the Dungeon.
             The game lasted 00:04:56 (3257 turns).

ANON1729 the Insei (Merfolk Transmuter)             Turns: 3257, Time: 00:04:57

Health: -9/32      AC:  3    Str: 10    XL:     4   Next: 59%
Magic:  7/7        EV: 13    Int: 13    God:
Gold:   173        SH:  0    Dex: 14    Spells: 6/7 levels left

rFire    + . .     SeeInvis .     - Unarmed
rCold    + . .     Faith    .   (no shield)
rNeg     . . .     Spirit   .   a - +0 robe
rPois    +         Reflect  .   (no helmet)
rElec    +         Harm     .   h - +0 cloak
rCorr    +         Rampage  .   (no gloves)
Will     .....                  (no boots)
Stlth    +.........             (no amulet)
HPRegen  0.10/turn              (no ring)
MPRegen  0.10/turn              (no ring)

@: resistant
A: change form in water, swift swim, stealthy swim
a: no special abilities


You were on level 4 of the Dungeon.
You visited 1 branch of the dungeon, and saw 4 of its levels.

You collected 173 gold pieces.

Inventory:

Armour
 a - a +0 robe (worn)
 h - a +0 cloak (worn)
Jewellery
 d - an uncursed ring of magical power {unknown}
 l - an uncursed amulet of guardian spirit {unknown}
Scrolls
 b - 2 scrolls of enchant armour {unknown}
 c - a scroll of enchant weapon {unknown}
 f - 3 scrolls of identify {unknown}
 j - a scroll of blinking {unknown}
 m - a scroll of remove curse {unknown}
 n - a scroll of teleportation {unknown}
Potions
 k - a potion of magic {unknown}


   Skills:
 - Level 1.1 Fighting
 - Level 2.7 Dodging
 + Level 5.3 Unarmed Combat
 - Level 2.0 Spellcasting
 + Level 3.5 Transmutations


You had 6 spell levels left.
You knew the following spells:

 Your Spells              Type           Power        Failure   Level
a - Beastly Appendage     Tmut           20%          6%          1

Your spell library contained the following spells:

 Spells                   Type           Power        Failure   Level
 Wereblood                Tmut           10%          9%          2
 Spider Form              Tmut/Pois      2%           36%         3
 Ice Form                 Ice/Tmut       5%           77%         4
 Blade Hands              Tmut           5%           85%         5


Dungeon Overview and Level Annotations

Branches:
Dungeon (4/15)
 Temple: D:4-7

Altars:
Cheibriados
Dithmenos
Elyvilon
Fedhas


Message History

You bump into the rock wall.
Your transformation is almost over.
The iguana bites you.
You're too confused to move!
You feel less invigorated.
You feel less confused. The iguana bites you!
You barely miss the iguana.
You headbutt the iguana, but do no damage.
The iguana closely misses you.
You barely miss the iguana.
The iguana hisses menacingly.
The iguana bites you!
* * * LOW HITPOINT WARNING * * *
Your horns disappear.
It was a potion of curing.
You feel better. The iguana bites you!
* * * LOW HITPOINT WARNING * * *
It was a potion of resistance.
You feel protected. The iguana bites you!
You die...

#........# #.##.........#
#.######.#####..#.#####.#.#
#....#...........#.#.#
#####.###...######.......#
#.....# #...# #.###.###
#.###.###...# #.# $#
##.##.###....##.# #.# #
..........#####l# +.#
####.#.### #@# #.# #.#.#
#.........# ###.#.#
#.......#### #...#.#
#........# #
#.....###.........#
#.##......>+.........+
#........###.........#
####.#.### ##.......##
#.###


You could see an iguana.

Vanquished Creatures
  4 gnolls (D:3)
  An adder (D:2)
  A worm (D:3)
  2 dart slugs (D:2)
  2 giant cockroaches
  5 goblins
  2 hobgoblins
  2 jackals (D:1)
  2 ball pythons (D:3)
  7 bats
  3 frilled lizards (D:2)
  4 kobolds
  6 rats
41 creatures vanquished.

Vanquished Creatures (others)
  3 plants (D:3)
3 creatures vanquished.

Grand Total: 44 creatures vanquished

Notes
Turn   | Place    | Note
-------+----------+-------------------------------------------
     0 | D:1      | ANON1729 the Merfolk Transmuter began the quest for the
                  | Orb.
     0 | D:1      | Reached XP level 1. HP: 15/15 MP: 3/3
    39 | D:1      | You fall into a shaft and drop 1 floor!
   129 | D:2      | Found a white marble altar of Elyvilon.
   169 | D:2      | Reached skill level 4 in Unarmed Combat
   169 | D:2      | Reached XP level 2. HP: 18/21 MP: 5/5
   216 | D:2      | HP: 1/21 [rat (3)]
   685 | D:2      | Found a blossoming altar of Fedhas.
   819 | D:2      | Reached XP level 3. HP: 19/26 MP: 6/6
  1921 | D:3      | Noticed a torpor snail
  1923 | D:3      | Found a snail-covered altar of Cheibriados.
  1923 | D:3      | Noticed a torpor snail
  1958 | D:3      | Noticed a torpor snail
  1981 | D:3      | Reached skill level 5 in Unarmed Combat
  2201 | D:3      | Reached XP level 4. HP: 32/32 MP: 7/7
  2282 | D:3      | Found a shadowy altar of Dithmenos.
  3257 | D:4      | Mangled by an iguana

Illustrated notes

Levels and vault maps discovered:
D:1:      minmay_arrival_jagged, layout_rooms
D:2:      layout_basic, lemuel_doored_altar, overflow_temple_1_default
D:3:      layout_basic, cheibriados_altar_2, grunt_dithmenos_smoke,
          chequers_big_river, chequers_avenue
D:4:      layout_loops_corners, general_overflow_altar, lemuel_crystal_altar,
          uniq_menkaure

Skill      XL: |  1  2  3 |
---------------+----------+-----
Unarmed Combat | 4 5 |  5.3
Transmutations | 3 |  3.5
Fighting       | |  1.1
Dodging        | |  2.7
Spellcasting   | |  2.0

Action                   |  1- 3 |  4- 6 || total
-------------------------+-------+-------++-------
Melee: Unarmed           |   129 |    27 ||   156
       Headbutt          |     3 |     3 ||     6
       Punch             |     1 |     1 ||     2
 Cast: Beastly Appendage |     6 |     5 ||    11
  Use: Potion            |     1 |     3 ||     4
Armor: Robe              |    33 |     4 ||    37
Dodge: Dodged            |   105 |    18 ||   123

Table legend: (Time is in decaauts)
 A = Elapsed time spent in this place.
 B = Non-inter-level travel time spent in this place.
 C = Inter-level travel time spent in this place.
 D = Time resting spent in this place.
 E = Time spent auto-exploring this place.
 F = Levels seen in this place.
 G = Mean time per level.
                   A        B        C        D        E       F      G
               +--------+--------+--------+--------+--------+-----+--------+
         Total |   3216 |   3050 |    166 |    302 |   2204 |   4 |  804.0 |
       Dungeon |   3216 |   3050 |    166 |    302 |   2204 |   4 |  804.0 |
               +--------+--------+--------+--------+--------+-----+--------+

Top non-repeatable levels by time:
     D:2: 1325 daAuts
     D:3: 1267 daAuts
     D:1: 553 daAuts
     D:4: 70 daAuts
